AoeStats
← CkDexterHaven

Oasis

509268231Analyzed
3v3 RM · 7d ago on Sep 26, 2026· 47m 37s· 6 players
Game mode
Random Map
Map size
Normal (6 player)
Population
200
Speed
Normal
Resources
Standard
Victory
Conquest
Starting age
Dark Age
Ending age
Imperial Age
RankedLock teamsTeams togetherTeam positionsShared explorationLock speedFull tech treeHidden civsTurbo modeCheats
Victory
Defeat
🇺🇸 Danes · United States
1171
+18
🇹🇼 Franks · Taiwan
1165
+18
🇭🇰 Mongols · Hong Kong SAR China
1162
+18
🇺🇸 Saracens · United States
1282
-21
🇺🇸 Varangians · United States
1227
-19
🇺🇸 Hindustanis · United States
1112
-14
Bob
9:57 Loom
11:45 Feudal Age
21:32 Castle Age
19:25 Double-Bit Axe
21:32 Stone Mining
23:28 Bow Saw
36:39 Forging
41:54 Imperial Age
40:49 Iron Casting
40:16 Husbandry
40:23 Scale Barding Armor
42:07 Cavalier
43:52 Wheelbarrow
43:23 Gold Mining
44:49 Hand Cart
44:20 Town Watch
46:05 Chain Barding Armor
47:09 Squires
46:30 Pikeman
48:19 Blast Furnace
48:02 Gold Shaft Mining
48:08 Conscription
The Man The Myth The Legend
8:56 Loom
11:41 Feudal Age
12:57 Horse Collar
16:31 Castle Age
14:49 Double-Bit Axe
16:46 Scale Mail Armor
16:35 Arson
17:59 Squires
18:12 Forging
21:25 Gold Mining
22:50 Wheelbarrow
24:33 Gold Shaft Mining
24:08 Town Watch
24:17 Stone Mining
25:06 Bow Saw
26:01 Heavy Plow
26:24 Gambesons
27:21 Chain Mail Armor
29:02 Hand Cart
32:44 Stone Shaft Mining
35:59 Imperial Age
34:23 Town Patrol
35:10 Pikeman
36:28 Iron Casting
35:44 Fletching
37:13 Plate Mail Armor
37:22 Conscription
38:43 Blast Furnace
38:21 Halberdier
43:10 Elite Varangian Guard
45:38 Bodkin Arrow
45:25 Hamask
47:23 Scale Barding Armor
kaaaboooom
8:23 Feudal Age
10:12 Loom
18:40 Castle Age
17:22 Double-Bit Axe
19:16 Fletching
23:43 Husbandry
27:57 Gold Mining
28:51 Bodkin Arrow
29:08 Bloodlines
29:30 Padded Archer Armor
32:00 Ballistics
32:34 Leather Archer Armor
34:34 Thumb Ring
38:36 Wheelbarrow
38:14 Horse Collar
39:12 Gold Shaft Mining
39:33 Bow Saw
40:19 Scale Barding Armor
44:38 Imperial Age
42:28 Hand Cart
45:24 Bracer
44:46 Heavy Cavalry Archer
45:52 Parthian Tactics
46:35 Chemistry
kamasm
8:18 Loom
10:31 Feudal Age
11:42 Double-Bit Axe
12:50 Horse Collar
16:14 Fletching
16:25 Padded Archer Armor
23:25 Castle Age
21:41 Gold Mining
21:45 Stone Mining
25:13 Heavy Plow
25:25 Bow Saw
27:35 Scale Barding Armor
28:42 Wheelbarrow
29:15 Bloodlines
29:08 Husbandry
30:25 Gold Mining
31:50 Chain Barding Armor
31:41 Forging
38:34 Imperial Age
39:44 Conscription
CkDexterHaven
7:32 Loom
10:20 Feudal Age
14:54 Double-Bit Axe
14:52 Horse Collar
20:16 Wheelbarrow
24:52 Castle Age
23:33 Gold Mining
24:51 Bloodlines
25:24 Scale Barding Armor
25:21 Stone Mining
26:01 Bow Saw
25:55 Heavy Plow
27:14 Chain Barding Armor
33:00 Forging
32:42 Fletching
32:56 Padded Archer Armor
33:06 Husbandry
34:51 Gold Shaft Mining
37:52 Imperial Age
37:20 Caravan
39:07 Conscription
40:44 Chemistry
39:53 Scale Mail Armor
40:12 Leather Archer Armor
40:36 Plate Barding Armor
39:24 Heavy Camel Rider
40:50 Shatagni
45:36 Ring Archer Armor
Dwight5rhute010
7:36 Loom
9:52 Feudal Age
9:57 Man-at-Arms
10:25 Double-Bit Axe
16:40 Bloodlines
18:51 Horse Collar
24:03 Castle Age
22:57 Forging
24:30 Scale Barding Armor
24:51 Husbandry
26:49 Chain Barding Armor
27:07 Gold Mining
28:46 Iron Casting
31:02 Heavy Plow
31:18 Bow Saw
32:51 Wheelbarrow
32:20 Town Watch
34:12 Hand Cart
Connection lost

Rejoining the realm…

Still unreachable

The connection could not be restored.

Session expired

The server has moved on; the page needs a fresh start.